 Dungeon Crawl Stone Soup version 0.30-a0-726-gd89dcf765f (webtiles) character file.

Game seed: 7509662795916232654

230 Flugkiller the Sneak (level 6, 0/41 HPs)
             Began as an Octopode Brigand on Jan 29, 2023.
             Slain by a black bear (2 damage)
             ... on level 4 of the Dungeon.
             The game lasted 00:05:27 (2975 turns).

Flugkiller the Sneak (Octopode Brigand)             Turns: 2975, Time: 00:05:27

Health: 0/41       AC:  1    Str: 10    XL:     6   Next: 3%
Magic:  6/6        EV: 15    Int: 14    God:
Gold:   142        SH:  0    Dex: 15    Spells: 5/5 levels left

rFire   . . .      SeeInvis +    b - +2 sling (elec)
rCold   + . .      Faith    .    (no shield)
rNeg    + . .      Spirit   .    (helmet restricted)
rPois   .          Reflect  .    (no amulet)
rElec   +          Harm     .    n - ring of the Sky {rElec rN+ Will+}
rCorr   .          Rampage  .    p - ring of protection from cold
Will    +....                    (no ring)
Stlth   ++++                     (no ring)
HPRegen 0.26/turn                (no ring)
MPRegen 0.10/turn                (no ring)
                                 (no ring)
                                 (no ring)

@: no status effects
A: almost no armour, amphibious, 8 rings, camouflage 1, gelatinous body 1,
(nimble swimmer 1), tentacles, see invisible
a: no special abilities


You were on level 4 of the Dungeon.
You visited 1 branch of the dungeon, and saw 4 of its levels.

You collected 142 gold pieces.

Inventory:

Hand Weapons
 a - a +3 spectral dagger
 b - a +2 sling of electrocution (weapon)
   (You found it on level 2 of the Dungeon)
 w - a +0 rapier
   (You found it on level 3 of the Dungeon)
 x - a +5 whip
   (You took it off a kobold on level 3 of the Dungeon)
Missiles
 c - 3 curare-tipped darts
 q - 22 poisoned darts
Jewellery
 n - the ring of the Sky (left tentacle) {rElec rN+ Will+}
   (You found it on level 2 of the Dungeon)

   [ring of positive energy]

   rElec:     It insulates you from electricity.
   rN:        It protects you from negative energy.
   Will:      It increases your willpower.
 p - a ring of protection from cold (right tentacle)
   (You found it on level 3 of the Dungeon)
 u - a ring of fire
   (You found it on level 3 of the Dungeon)
Wands
 s - a wand of mindburst (12)
   (You took it off Ijyb on level 3 of the Dungeon)
Scrolls
 f - a scroll of enchant weapon
 o - a scroll of amnesia {unknown}
 t - a scroll of noise {unknown}
 v - a scroll of summoning {unknown}
Potions
 i - a potion of magic {unknown}
 j - a potion of degeneration {unknown}
 k - a potion of lignification {unknown}
 l - a potion of mutation
 m - 2 potions of flight {unknown}
 r - 2 potions of heal wounds {unknown}


   Skills:
 + Level 2.4 Fighting
 - Level 2.0 Short Blades
 + Level 1.1 Ranged Weapons
 - Level 2.0 Throwing
 - Level 5.0 Dodging
 - Level 5.3 Stealth
 + Level 1.8 Evocations


You had 5 spell levels left.
You didn't know any spells.
Your spell library contained the following spells:

 Spells                   Type           Power      Damage    Failure   Level
 Necrotise                Necr           0%         1d4       28%         1
 Ignite Poison            Fire/Tmut/Pois 0%         N/A       65%         3
 Vampiric Draining        Necr           0%         2d6       65%         3
 Sticky Flame             Conj/Fire      0%         2d3       96%         4
 Agony                    Necr           0%         N/A       100%        5
 Ignition                 Fire           0%         3d3       100%        8


Dungeon Overview and Level Annotations

Branches:
Dungeon (4/15) Zot: 21022
 Temple: D:4-7

Altars:
The Shining One

Shops:
D:1 [


Innate Abilities, Weirdness & Mutations

You cannot wear most types of armour.
You are amphibious.
You can wear up to eight rings at the same time.
Your skin changes colour to match your surroundings (Stealth+).
Your rubbery body absorbs attacks. (AC +1, EV +1)
((You are camouflaged when in or above water. (Stealth+)))
You have tentacles for arms and can constrict up to eight enemies at once.
You have supernaturally acute eyesight. (SInv)


Message History

The adder is severely wounded.
You feel sick. The hobgoblin barely misses you. The adder misses you.
The quokka completely misses you.
You hit the adder but do no damage. Your grab misses the adder.
The adder is severely wounded.
You feel sick.
You are no longer poisoned.
The hobgoblin hits you with a +0 dagger!
The adder bites you. The quokka bites you.
You closely miss the adder. Your grab misses the adder.
The adder is severely wounded.
The adder misses you.
The hobgoblin hits you with a +0 dagger.
The quokka misses you.
You barely miss the adder. Your grab misses the adder.
Your squeeze misses the adder.
The adder is severely wounded.
The adder bites you.
* * * LOW HITPOINT WARNING * * *
The hobgoblin closely misses you. The quokka bites you.
* * * LOW HITPOINT WARNING * * *
You hit the adder but do no damage. You grab the adder.
The adder is severely wounded.
You constrict the adder. The adder closely misses you. The quokka bites you.
* * * LOW HITPOINT WARNING * * *
The hobgoblin hits you with a +0 dagger.
* * * LOW HITPOINT WARNING * * *
The adder barely misses you.
Okay, then.
As you read the scroll of fear, it crumbles to dust.
You assume a fearsome visage.
The quokka looks frightened!
The hobgoblin looks frightened!
The adder looks frightened!
You constrict the adder.
The adder struggles to escape constriction.
You catch the helpless adder completely off-guard!
You puncture the adder!
You kill the adder!
You have reached level 6!
You climb upwards.
There is a stone staircase leading down here.
You start resting.
HP restored.
You climb downwards.
There is a stone staircase leading up, spattered with blood here.
Found a stone staircase leading down.
Found a robe.
You hear the crackle of electricity.
b - a +2 sling of electrocution (weapon)
You shoot a sling bullet. The sling bullet hits the quokka.
Lightning courses through the quokka!
You kill the quokka!
You hear an angry growl.
You shoot a sling bullet. The sling bullet hits the hobgoblin.
The hobgoblin is moderately wounded.
You shoot a sling bullet.
The sling bullet barely misses the hobgoblin.
The hobgoblin hits you with a +0 dagger.
You shoot a sling bullet.
The sling bullet closely misses the hobgoblin.
You hear an angry growl.
The hobgoblin misses you.
You shoot a sling bullet. The sling bullet hits the hobgoblin.
The hobgoblin is almost dead.
The hobgoblin closely misses you.
You shoot a sling bullet.
The sling bullet completely misses the hobgoblin.
A black bear comes into view.
The hobgoblin barely misses you.
The hobgoblin hits you with a +0 dagger.
Press: ? - help, v - describe, . - travel
Here: a black bear The floor.
Unknown command.
Unknown command.
As you read the scroll labelled KOATWA RISARCHYI, it crumbles to dust.
It is a scroll of enchant armour.
You aren't carrying any armour which can be enchanted further.
The hobgoblin hits you with a +0 dagger.
The black bear completely misses you. The black bear claws you. x2
Unknown command.
As you read the scroll labelled WAINWO PEUC, it crumbles to dust.
The scroll dissolves into smoke.
It was a scroll of fog.
The hobgoblin hits you with a +0 dagger.
The black bear misses you. The black bear claws you.
The black bear barely misses you.
As you read the scroll labelled YGENID PUCOAZ, it crumbles to dust.
It is a scroll of brand weapon.
Your +3 dagger acquires a faint afterimage.
a - a +3 spectral dagger The hobgoblin closely misses you.
The black bear bites you.
* * * LOW HITPOINT WARNING * * *
The black bear claws you.
* * * LOW HITPOINT WARNING * * *
The black bear closely misses you.
It was a potion of mutation.
You feel extremely strange.
Your vision sharpens.
The hobgoblin barely misses you. The black bear bites you!
* * * LOW HITPOINT WARNING * * *
The black bear claws you.
You die...

..[..........
...>........ .
.$......... . ..
##..........
.....#...........
... ...§§§§.....#
.... #§§§g§..#
..... #§§@h#
#.....#§§§§#
#.....§..##
..........#
.........†...
...............
............###
....##......#
.... ...##...


You could see a black bear and a hobgoblin.

Vanquished Creatures
  Jessica (D:2)
  Ijyb (D:3)
  4 gnolls (D:3)
  5 adders
  A worm (D:2)
  A dart slug (D:1)
  An orc (D:3)
  6 ball pythons
  4 bats
  3 endoplasms
  5 giant cockroaches
  11 goblins
  13 hobgoblins
  3 jackals (D:3)
  4 quokkas
  5 frilled lizards
  8 kobolds
  8 rats
84 creatures vanquished.

Notes
Turn   | Place    | Note
-------+----------+-------------------------------------------
     0 | D:1      | Flugkiller the Octopode Brigand began the quest for the
                  | Orb.
     0 | D:1      | Reached XP level 1. HP: 14/14 MP: 1/1
    62 | D:1      | Reached XP level 2. HP: 7/19 MP: 2/2
   219 | D:1      | Found Veklyeck's Armour Shoppe.
   363 | D:1      | Reached XP level 3. HP: 24/24 MP: 3/3
   705 | D:2      | Noticed Jessica
   711 | D:2      | Killed Jessica
   712 | D:2      | Reached XP level 4. HP: 29/29 MP: 4/4
  1214 | D:2      | Identified the ring of the Sky {rElec rN+ Will+}
  1606 | D:3      | Noticed Ijyb
  1702 | D:3      | Killed Ijyb
  1703 | D:3      | Reached XP level 5. HP: 34/34 MP: 5/5
  2091 | D:3      | Reached skill level 5 in Dodging
  2130 | D:3      | Reached skill level 1 in Evocations
  2491 | D:3      | Found a glowing golden altar of the Shining One.
  2771 | D:3      | Reached skill level 1 in Ranged Weapons
  2808 | D:4      | HP: 1/35 [hobgoblin/+0 dagger (1)]
  2811 | D:4      | Reached XP level 6. HP: 1/41 MP: 6/6
  2971 | D:4      | Noticed a black bear
  2975 | D:4      | Gained mutation: You have supernaturally acute eyesight.
                  | (SInv) [potion of mutation]
  2975 | D:4      | HP: 2/41 [black bear (8)]
  2975 | D:4      | Slain by a black bear

Illustrated notes

Levels and vault maps discovered:
D:1:      dpeg_arrival_tiny_a, layout_rooms, serial_shops, shop
D:2:      layout_loops_ring, nicolae_concentric_dashed_squares_wild,
          minmay_randomly_rotated_circles, uniq_jessica
D:3:      kennysheep_goblin_castle, layout_loops_ring,
          lemuel_coloured_pillars_altar
D:4:      cheibrodos_greedy_goblins, layout_cave_pools, trog_ov_bears_minmay,
          uniq_crazy_yiuf_cottage

Skill      XL: |  1  2  3  4  5 |
---------------+----------------+-----
Dodging        | 2 3 4 5 |  5.0
Evocations     | 1 |  1.8
Ranged Weapons | 1 |  1.1
Fighting       | |  2.4
Short Blades   | |  2.0
Throwing       | |  2.0
Stealth        | |  5.3

Action                     |  1- 3 |  4- 6 || total
---------------------------+-------+-------++-------
  Melee: Dagger            |    47 |    87 ||   134
         Tentacles         |    10 |    15 ||    25
         Constrict         |    11 |    27 ||    38
         Punch             |       |     1 ||     1
   Fire: Sling             |       |    41 ||    41
  Throw: Dart              |       |     3 ||     3
    Use: Scroll            |     1 |     7 ||     8
         Potion            |       |     1 ||     1
   Stab: Sleeping          |     7 |    14 ||    21
         Fleeing           |       |     1 ||     1
 Armour: Skin              |     6 |     4 ||    10
  Dodge: Dodged            |    20 |   103 ||   123

Table legend: (Time is in decaauts)
 A = Elapsed time spent in this place.
 B = Non-inter-level travel time spent in this place.
 C = Inter-level travel time spent in this place.
 D = Time resting spent in this place.
 E = Time spent auto-exploring this place.
 F = Levels seen in this place.
 G = Mean time per level.
                   A        B        C        D        E       F      G
               +--------+--------+--------+--------+--------+-----+--------+
         Total |   2977 |   2814 |    163 |    598 |   1375 |   4 |  744.2 |
       Dungeon |   2977 |   2814 |    163 |    598 |   1375 |   4 |  744.2 |
               +--------+--------+--------+--------+--------+-----+--------+

Top non-repeatable levels by time:
     D:3: 1289 daAuts
     D:2: 1090 daAuts
     D:1: 561 daAuts
     D:4: 34 daAuts
